 Dungeon Crawl Stone Soup version 0.31-a0-986-g5e6e4ef867 (webtiles) character file.

Game seed: 2673208208914406261

96761 Xavori the Nimble (level 16, -1/116 HPs)
             Began as a Djinni Chaos Knight on Nov 3, 2023.
             Was a Plaything of Xom.
             Slain by a demonic crawler (8 damage)
             ... on level 1 of the Spider Nest.
             The game lasted 00:36:17 (21944 turns).

Xavori the Nimble (Djinni Chaos Knight)            Turns: 21944, Time: 00:36:18

Health: -1/116     AC: 22    Str: 13    XL:     16   Next: 67%
Gold:   1067       EV: 21    Int: 28    God:    Xom [*.....] SH:  0 Dex: 24

rFire   + + +        z - +9 scimitar "Tin Qit" {heavy, rF+ rN+ Str-4 Int+7}
rCold   . . .        (no shield)
rNeg    + . .        G - +3 acid dragon scales
rPois   ∞            (helmet restricted)
rElec   .            o - +2 cloak {rPois}
rCorr   +            O - +0 pair of gloves
SInv    .            (boots unavailable)
Will    +++..        g - amulet of regeneration
Stlth   ++           K - ring "Ucsigy" {rC+ Will+ Str+6}
HPRegen 1.99/turn    H - +4 ring of protection
MPRegen 0.00/turn

%: clarity, infuse magic (-2 HP)
@: wereblooded, spiked, flying
A: sickness immunity, fire resistance 2, cold vulnerability 1, float, innate
caster, HP casting, extra vitality 1, antennae 2, iridescent scales 1, agile 2,
clarity, clever 2, strong-willed 1, regeneration 1, strong 1, wild magic 1
a: Renounce Religion


You were on level 1 of the Spider Nest.
You worshipped Xom.
You were a special plaything of Xom.
You visited 4 branches of the dungeon, and saw 20 of its levels.
You also visited: Sewer.

You collected 1741 gold pieces.
You spent 674 gold pieces at shops.

Inventory:

Hand Weapons
 a - a +0 falchion of chaos
 x - a +6 rapier of chaos
 z - the +9 scimitar "Tin Qit" (weapon) {heavy, rF+ rN+ Str-4 Int+7}
   (You took it off a spriggan on level 5 of the Lair of Beasts)

   Str-4:     It affects your strength (-4).
   Int+7:     It affects your intelligence (+7).
   rF+:       It protects you from fire.
   rN+:       It protects you from negative energy.
Missiles
 y - 3 throwing nets
Armour
 b - a +2 leather armour
 l - a +1 hat of stealth
 o - a +2 cloak of poison resistance (worn)
 G - +3 acid dragon scales (worn)
 O - a +0 pair of gloves (worn)
Jewellery
 g - an amulet of regeneration (around neck)
 i - a ring of ice
 E - a ring of see invisible
 H - a +4 ring of protection (right hand)
 K - the ring "Ucsigy" (left hand) {rC+ Will+ Str+6}
   (You took it off a deep elf pyromancer on level 9 of the Dungeon)

   [ring of strength]

   Str+6:     It affects your strength (+6).
   rC+:       It protects you from cold.
   Will+:     It increases your willpower.
 L - an amulet of faith
 M - the ring "Jyjoc" {rPois Int+4}
   (You found it on level 2 of the Orcish Mines)

   [ring of poison resistance]

   Int+4:     It affects your intelligence (+4).
   rPois:     It protects you from poison
 N - the ring of Generosity {rPois Will- Int+9 Dex+3 Stlth-}
   (You took it off a centaur warrior on level 9 of the Dungeon)

   [ring of poison resistance]

   Int+9:     It affects your intelligence (+9).
   Dex+3:     It affects your dexterity (+3).
   rPois:     It protects you from poison Will-: It decreases your willpower.
   Stlth-:    It makes you less stealthy.
 S - a ring of protection from fire
Wands
 p - a wand of iceblast (20)
 t - a wand of flame (1)
 w - a wand of polymorph (27)
 C - a wand of paralysis (4)
 D - a wand of mindburst (7)
Scrolls
 c - 2 scrolls of butterflies
 e - 2 scrolls of vulnerability
 f - 2 scrolls of fear
 h - 3 scrolls of poison
 m - 4 scrolls of fog
 q - 3 scrolls of blinking
 s - a scroll of immolation
 u - a scroll of revelation
 F - a scroll of silence
 P - 13 scrolls of identify
 R - a scroll of enchant weapon
 U - a scroll of enchant armour
 V - a scroll of teleportation
Potions
 d - 3 potions of cancellation
 j - 2 potions of attraction
 k - 4 potions of haste
 n - 3 potions of heal wounds
 r - 5 potions of curing
 v - 6 potions of mutation
 A - 4 potions of degeneration
 B - a potion of resistance
 I - 3 potions of enlightenment
 J - 2 potions of brilliance
 T - a potion of ambrosia {unknown}
Miscellaneous
 Q - a condenser vane


   Skills:
 + Level 11.2 Fighting
 - Level 8.3(11.1) Short Blades
 + Level 11.5(12.6) Long Blades
 + Level 10.8 Armour
 + Level 11.9 Dodging
 * Level 11.0 Spellcasting
 * Level 11.0 Conjurations
 * Level 11.0 Hexes
 * Level 11.0 Summonings
 * Level 11.0 Necromancy
 * Level 11.0 Translocations
 * Level 11.0 Transmutations
 * Level 11.0 Fire Magic
 * Level 11.0 Ice Magic
 * Level 11.0 Air Magic
 * Level 11.0 Earth Magic
 * Level 11.0 Poison Magic
 - Level 5.7 Evocations
 * Level 4.4 Shapeshifting


You knew the following spells:

 Your Spells              Type           Power      Damage    Failure   Level
a - Freeze                Ice            100%       1d10      1%          1
b - Momentum Strike       Conj/Tloc      100%       3d10      1%          2
c - Wereblood             Tmut           79%        N/A       1%          2
d - Vampiric Draining     Necr           79%        2d11      1%          3
e - Silence               Hex/Air        39%        N/A       2%          5
f - Alistair's Intoxicat  Tmut/Pois      52%        N/A       2%          5
g - Summon Cactus Giant   Summ           39%        N/A       12%         6
Your spell library was empty.

Dungeon Overview and Level Annotations

Branches:
Dungeon (12/15)            Temple (0/1) D:6            Lair (5/5) D:11
 Shoals (0/4) Lair:3       Spider (1/4) Lair:2        Slime (0/5) Lair:5
    Orc (2/2) D:12            Elf (0/3) Orc:2         Sewer (visited)

Altars:
Dithmenos
Fedhas
Gozag
Okawaru
Xom
Yredelemnul
Lugonu

Shops:
D:2 [   D:3 [   D:4 [   Orc:2 =:?!

Portals:
Abyss: Lair:5


Innate Abilities, Weirdness & Mutations

You are immune to sickness and miasma.
You are immune to poison.
Your flesh is very heat resistant. (rF++)
You are vulnerable to cold. (rC-)
You float through the air rather than walking.
You learn spells naturally, not from books.
Your magical power is your life essence.
You have superior vitality. (+4 MHP)
You have a pair of antennae on your head.
You are partially covered in iridescent scales. (AC +2)
You are very agile. (Dex +8, Str/Int -2)
You possess an exceptional clarity of mind.
Your mind is very acute. (Int +8, Str/Dex -2)
You are strong-willed. (Will+)
Your natural rate of healing is unusually fast.
Your muscles are strong. (Str +4, Int/Dex -1)
Your spells are a little harder to cast, but a little more powerful.


Message History

The steelbarb worm hits you!!
Barbed spikes become lodged in your body.
The tarantella completely misses you. The steelbarb worm barely misses you.
You slash the tarantella!
The tarantella is heavily wounded.
The tarantella closely misses you. The steelbarb worm hits you!
* * * LOW HITPOINT WARNING * * *
Barbed spikes become lodged in your body.
The tarantella touches you but does no damage.
You cut the tarantella into ribbons!!!
You feel a bit better.
You kill the tarantella!
The steelbarb worm misses you. The jumping spider pounces on you.
* * * LOW HITPOINT WARNING * * *
You are caught in a web!
The jumping spider closely misses you. The steelbarb worm hits you!
* * * LOW HITPOINT WARNING * * *
Barbed spikes become lodged in your body.
The web tears apart.
The jumping spider pounces on you!
* * * LOW HITPOINT WARNING * * *
The jumping spider barely misses you. The jumping spider closely misses you.
The jumping spider bites you but does no damage.
The steelbarb worm hits you but does no damage.
You slice the jumping spider!!
You feel a bit better.
You kill the jumping spider!
The steelbarb worm misses you. The demonic crawler hits you!
* * * LOW HITPOINT WARNING * * *
The demonic crawler closely misses you. x2
You chop the steelbarb worm into pieces!!!
The steelbarb worm is severely wounded.
The steelbarb worm closely misses you. The demonic crawler closely misses you.
The demonic crawler barely misses you. x2
You slice the steelbarb worm!!
You feel a bit better.
You kill the steelbarb worm!
The demonic crawler hits you but does no damage. x3
The demonic crawler hits you.
* * * LOW HITPOINT WARNING * * *
The demonic crawler hits you but does no damage.
The demonic crawler hits you!
You die...
Xom howls with laughter!

##....#.###.........#
###^##..#..........#
## ##.#..........##
#.#.....>.....##
#.##...........#
#.##†.........##
##.#.°......###
##†#.s†....#
#@#§†..s..#
##s####§.§# #.#
#§§.## #.# #§{§#
#.##..§## #.#..s.^ {
#.#s.### ...°. ....#


You could see a demonic crawler.

Vanquished Creatures
  Gastronok (Lair:2)
  Aizul (Spider:1)
  3 orc warlords (Orc:2)
  A broodmother (Spider:1)
  A hydra (shapeshifter) (Lair:5)
  6 hydras
  A centaur warrior (D:9)
  7 two-headed ogres
  3 boulder beetles
  3 orc high priests (Orc:2)
  3 thrashing horrors (Lair:5)
  Sonja (Lair:1)
  A demonic crawler (Spider:1)
  Amaemon (Lair:1)
  A pharaoh ant (Spider:1)
  A glowing orange brain (Lair:2)
  A swamp dragon (D:11)
  A steelbarb worm (shapeshifter) (Lair:2)
  2 steelbarb worms (Spider:1)
  A deep elf pyromancer (D:9)
  A necromancer (Orc:1)
  A wolf spider (Spider:1)
  4 ugly things
  6 orc knights
  6 orc sorcerers
  A cyclops (Orc:2)
  8 slime creatures (D:12)
  18 elephants
  2 gargoyles (D:12)
  3 smoke demons (Lair:5)
  5 black mambas
  An orange demon (Lair:1)
  2 torpor snails (Spider:1)
  Maggie (D:7)
  10 cane toads
  Jeremiah (D:8)
  5 rime drakes
  8 komodo dragons
  A yaktaur (shapeshifter) (D:12)
  A polar bear (Lair:4)
  12 trolls
  A meliai (shapeshifter) (Lair:5)
  30 blink frogs
  2 hornets
  2 raiju (Lair:5)
  3 tarantellas (Spider:1)
  Prince Ribbit (D:8)
  11 dream sheep
  2 spriggans (shapeshifter) (Lair:5)
  2 spriggans (Lair:5)
  8 jumping spiders (Spider:1)
  2 shadows
  A vampire (D:9)
  A ynoxinul (Lair:5)
  55 yaks
  6 wyverns
  A culicivora (Spider:1)
  Eustachio (D:5)
  A fire bat (Sewer)
  A human (D:12)
  2 wraiths
  A golden eye (shapeshifter) (Lair:1)
  A chaos spawn (Lair:5)
  3 steam dragons
  10 redbacks (Spider:1)
  3 vampire mosquitoes (D:12)
  2 swamp worms (Lair:2)
  3 basilisks
  2 wargs (Orc:2)
  8 small abominations (Lair:5)
  3 acid dragons
  19 water moccasins
  10 ice beasts
  2 sky beasts
  15 ogres
  An orc zombie (Orc:1)
  3 black bears
  48 orc warriors
  A tengu (D:9)
  3 wolves
  7 centaurs
  5 kobold brigands (Sewer)
  6 bullfrogs
  3 scorpions
  15 wights
  A warg zombie (Orc:1)
  11 killer bees (D:9)
  4 howler monkeys
  An electric eel (Lair:3)
  A jelly (D:3)
  3 hounds
  A sleepcap (D:6)
  37 orc priests
  A warg simulacrum (Orc:1)
  2 gnoll boudas
  29 orc wizards
  9 adders
  9 gnolls
  2 river rats (D:4)
  2 white imps
  7 worms
  6 dart slugs
  93 orcs
  3 bats
  12 endoplasms
  3 giant cockroaches
  6 goblins
  6 hobgoblins
  4 jackals (D:3)
  10 kobolds
  5 quokkas
  9 ball pythons
  3 frilled lizards
  7 rats
731 creatures vanquished.

Vanquished Creatures (collateral kills)
  A two-headed ogre (Orc:1)
  An orc sorcerer (Orc:2)
  A troll (D:12)
  A tarantella (Spider:1)
  A wind drake (Lair:3)
  2 blink frogs
  A dream sheep (Lair:4)
  A slime creature (D:12)
  6 yaks (Lair:3)
  A water moccasin (Lair:3)
  2 orc warriors (Orc:2)
  An ogre (Orc:2)
  2 centaurs (D:12)
  A scorpion (Lair:2)
  A cyclops zombie (Orc:1)
  A bullfrog (D:8)
  A hound (D:5)
  An orc priest (Orc:1)
  An orc wizard (D:8)
  7 orcs
  A giant cockroach (Lair:2)
35 creatures vanquished.

Vanquished Creatures (others)
  A dancing weapon (Orc:1)
  A blink frog (Lair:5)
  2 yaks
  A swamp worm (Lair:2)
  A water moccasin (Lair:3)
  An ice beast (D:11)
  An orc priest (Orc:2)
  An orc wizard (D:12)
  2 orcs (Orc:2)
11 creatures vanquished.

Grand Total: 777 creatures vanquished

Notes
Turn   | Place    | Note
-------+----------+-------------------------------------------
     0 | D:1      | Xavori the Djinni Chaos Knight began the quest for the Orb.
     0 | D:1      | Reached XP level 1. HP: 20/20 MP: 0/0
     4 | D:1      | XOM: silly message
    56 | D:1      | XOM: summons 1 hostile demon
   121 | D:1      | XOM: 1-stop teleportation journey
   206 | D:1      | Reached XP level 2. HP: 25/25 MP: 0/0
   314 | D:1      | XOM: give mutations
   314 | D:1      | Gained mutation: You are weak. (Str -2) [Xom's mischief]
   314 | D:1      | Lost mutation: You are weak. (Str -2) [Xom's mischief]
  1141 | D:1      | XOM: noise
  1178 | D:1      | XOM: summons 2 hostile demons
  1225 | D:2      | XOM: 2-stop teleportation journey
  1258 | D:2      | Found Xeskoicve's Antique Armour Shoppe.
  1301 | D:2      | Reached XP level 3. HP: 26/30 MP: 0/0
  1301 | D:2      | Learned a level 1 spell: Freeze
  2382 | D:1      | XOM: god gift: 44 gold pieces
  2488 | D:1      | XOM: god gift: 46 gold pieces
  3070 | D:1      | XOM: give mutations
  3070 | D:1      | Gained mutation: Your muscles are strong. (Str +4, Int/Dex
                  | -1) [Xom's grace]
  3070 | D:1      | Gained mutation: Your natural rate of healing is unusually
                  | fast. [Xom's grace]
  3372 | D:2      | Reached skill level 1 in Spellcasting
  3372 | D:2      | Reached skill level 1 in Conjurations
  3372 | D:2      | Reached skill level 1 in Hexes
  3372 | D:2      | Reached skill level 1 in Summonings
  3372 | D:2      | Reached skill level 1 in Necromancy
  3372 | D:2      | Reached skill level 1 in Translocations
  3372 | D:2      | Reached skill level 1 in Transmutations
  3372 | D:2      | Reached skill level 1 in Fire Magic
  3372 | D:2      | Reached skill level 1 in Ice Magic
  3372 | D:2      | Reached skill level 1 in Air Magic
  3372 | D:2      | Reached skill level 1 in Earth Magic
  3372 | D:2      | Reached skill level 1 in Poison Magic
  3381 | D:2      | XOM: god gift: rapier {god gift}
  3503 | D:2      | XOM: give mutations
  3503 | D:2      | Gained mutation: You expend health (3 HP) to strengthen
                  | your wands. [Xom's grace]
  3503 | D:2      | Gained mutation: You have a pair of small antennae on your
                  | head. [Xom's grace]
  3503 | D:2      | Gained mutation: You have a pair of antennae on your head.
                  | [Xom's grace]
  3676 | D:3      | XOM: confuse monster(s)
  3679 | D:3      | Reached XP level 4. HP: 34/35 MP: 0/0
  3689 | D:3      | XOM: god gift: glowing cloak {god gift}
  3708 | D:3      | Found Quzxuh's Armour Boutique.
  3708 | D:3      | XOM: 2-stop teleportation journey
  3940 | D:3      | Reached XP level 5. HP: 15/40 MP: 0/0
  3940 | D:3      | Learned a level 2 spell: Momentum Strike
  4035 | D:3      | XOM: god gift: staff of fire
  4156 | D:3      | XOM: cloud trail
  4225 | D:3      | XOM: god gift: 2 dark potions {god gift}
  4524 | D:4      | Reached XP level 6. HP: 47/47 MP: 0/0
  4661 | D:4      | Found Basaon Luh's Antique Armour Shop.
  4687 | D:4      | XOM: 3-stop teleportation journey
  4848 | D:4      | Found a glowing drain.
  4852 | Sewer    | Entered a sewer
  5010 | Sewer    | XOM: confusion (+ monsters)
  5021 | Sewer    | XOM: confusion
  5037 | Sewer    | Reached XP level 7. HP: 52/52 MP: 0/0
  5037 | Sewer    | Learned a level 2 spell: Wereblood
  5276 | Sewer    | XOM: chaos cloud
  5319 | Sewer    | XOM: confusion (+ monsters)
  5328 | Sewer    | a kobold brigand changed into a fire bat
  5328 | Sewer    | Noticed a fire bat
  5328 | Sewer    | XOM: polymorph kobold brigand -> fire bat
  5336 | Sewer    | Killed a fire bat
  5364 | Sewer    | XOM: smoke on damage
  5366 | Sewer    | Reached XP level 8. HP: 46/58 MP: 0/0
  5425 | Sewer    | XOM: enchant monster (good)
  5627 | D:4      | XOM: snakes to sticks
  5660 | D:4      | XOM: give mutation
  5660 | D:4      | Gained mutation: You are partially covered in iridescent
                  | scales. (AC +2) [Xom's grace]
  5732 | D:5      | Entered Level 5 of the Dungeon
  5772 | D:4      | XOM: cloud trail
  5781 | D:4      | Bought a pair of transparent gloves for 256 gold pieces
  5781 | D:4      | Identified the +1 pair of gloves of Podurr {Drain Int+7
                  | Dex+2 Slay-6} (You bought it in a shop on level 4 of the
                  | Dungeon)
  6025 | D:5      | Noticed Eustachio
  6025 | D:5      | XOM: summons friendly crimson imp
  6031 | D:5      | XOM: enchant monster (bad)
  6033 | D:5      | XOM: summons 3 friendly demons
  6051 | D:5      | Killed Eustachio
  6239 | D:5      | You are sucked into a shaft and drop 3 floors!
  6353 | D:7      | Reached skill level 5 in Fighting
  6431 | D:7      | XOM: enchant monster (good)
  6432 | D:7      | XOM: silly message
  6449 | D:7      | Reached skill level 1 in Short Blades
  6458 | D:7      | XOM: enchant monster (good)
  6465 | D:7      | Reached skill level 5 in Dodging
  6508 | D:7      | XOM: blink monster(s)
  6514 | D:7      | Reached XP level 9. HP: 65/65 MP: 0/0
  6514 | D:7      | Learned a level 3 spell: Vampiric Draining
  6760 | D:5      | XOM: scenery: create altars
  6773 | D:5      | XOM: summons 1 hostile demon
  6805 | D:5      | Reached skill level 5 in Long Blades
  6935 | D:6      | Found a staircase to the Ecumenical Temple.
  6969 | D:6      | XOM: noise
  7035 | D:6      | XOM: polymorph ogre -> ice beast
  7077 | D:6      | XOM: divination: detect creatures
  7120 | D:6      | XOM: god gift: spear {god gift}
  7132 | D:6      | XOM: cloud trail
  7502 | D:6      | XOM: confuse monster(s)
  7613 | D:6      | Found a blossoming altar of Fedhas.
  7922 | D:7      | XOM: cloud trail
  8029 | D:7      | XOM: cast spell 'Olgreb's Toxic Radiance'
  8032 | D:7      | XOM: swap monsters
  8177 | D:7      | Noticed a hornet
  8186 | D:7      | Killed a hornet
  8187 | D:7      | Reached skill level 5 in Armour
  8187 | D:7      | Reached XP level 10. HP: 55/72 MP: 0/0
  8194 | D:7      | XOM: noise
  8376 | D:8      | Noticed Jeremiah
  8376 | D:8      | XOM: confuse monster(s)
  8380 | D:8      | Noticed Maggie
  8400 | D:7      | XOM: smoke on damage
  8404 | D:7      | Killed Maggie
  8405 | D:7      | Reached skill level 5 in Spellcasting
  8405 | D:7      | Reached skill level 5 in Conjurations
  8405 | D:7      | Reached skill level 5 in Hexes
  8405 | D:7      | Reached skill level 5 in Summonings
  8405 | D:7      | Reached skill level 5 in Necromancy
  8405 | D:7      | Reached skill level 5 in Translocations
  8405 | D:7      | Reached skill level 5 in Transmutations
  8405 | D:7      | Reached skill level 5 in Fire Magic
  8405 | D:7      | Reached skill level 5 in Ice Magic
  8405 | D:7      | Reached skill level 5 in Air Magic
  8405 | D:7      | Reached skill level 5 in Earth Magic
  8405 | D:7      | Reached skill level 5 in Poison Magic
  8462 | D:8      | XOM: silly message
  8482 | D:8      | Killed Jeremiah
  8491 | D:8      | XOM: cast spell 'Olgreb's Toxic Radiance'
  8534 | D:8      | XOM: 3-stop teleportation journey
  8555 | D:8      | XOM: cast spell 'Summon Ice Beast'
  8559 | D:8      | XOM: noise
  8613 | D:8      | XOM: give mutations
  8613 | D:8      | Lost mutation: You are partially covered in iridescent
                  | scales. (AC +2) [Xom's mischief]
  8613 | D:8      | Gained mutation: You have very sharp teeth. [Xom's
                  | mischief]
  8614 | D:8      | XOM: divination: magic mapping
  8685 | D:8      | XOM: swap monsters
  8711 | D:8      | Reached skill level 5 in Short Blades
  8722 | D:8      | XOM: 2-stop teleportation journey
  8811 | D:8      | Noticed Prince Ribbit
  8817 | D:8      | Killed Prince Ribbit
  8868 | D:8      | XOM: silly message
  8972 | D:9      | Found a runed translucent door.
  8972 | D:9      | Noticed a boulder beetle
  9039 | D:9      | Found an opulent altar of Gozag.
  9063 | D:9      | XOM: summons 4 friendly demons
  9257 | D:9      | XOM: god gift: 34 gold pieces
  9269 | D:9      | Noticed a two-headed ogre
  9271 | D:9      | XOM: potion effect (might)
  9272 | D:9      | XOM: potion effect (brilliance)
  9275 | D:9      | Killed a two-headed ogre
  9276 | D:9      | Reached XP level 11. HP: 70/78 MP: 0/0
  9276 | D:9      | Learned a level 5 spell: Silence
  9362 | D:9      | XOM: silly message
  9650 | D:9      | Found an iron altar of Okawaru.
  9650 | D:9      | Found a shadowy altar of Dithmenos.
  9755 | D:9      | XOM: divination: detect items
  9765 | D:9      | Lost mutation: You expend health (3 HP) to strengthen your
                  | wands. [potion of mutation]
  9765 | D:9      | Lost mutation: You have very sharp teeth. [potion of
                  | mutation]
  9765 | D:9      | Gained mutation: You are agile. (Dex +4, Str/Int -1)
                  | [potion of mutation]
  9765 | D:9      | Gained mutation: You heal very quickly. [potion of
                  | mutation]
  9765 | D:9      | Gained mutation: You have hidden genetic potential. [potion
                  | of mutation]
  9765 | D:9      | Gained mutation: Your mind is acute. (Int +4, Str/Dex -1)
                  | [potion of mutation]
  9765 | D:9      | XOM: cast spell 'Olgreb's Toxic Radiance'
  9779 | D:9      | XOM: silly message
  9835 | D:9      | Found a runed translucent door.
  9853 | D:9      | XOM: smoke on damage
  9872 | D:9      | Killed a boulder beetle
  9920 | D:9      | Identified the ring "Ucsigy" {rC+ Will+ Str+6}
  9920 | D:9      | Noticed a deep elf pyromancer
  9929 | D:9      | Killed a deep elf pyromancer
  9933 | D:9      | Identified the ring of Generosity {rPois Will- Int+9 Dex+3
                  | Stlth-}
  9933 | D:9      | Noticed a centaur warrior
  9941 | D:9      | XOM: silly message
  9945 | D:9      | XOM: noise
  9948 | D:9      | Killed a centaur warrior
  9950 | D:9      | XOM: potion effect (curing)
 10248 | D:10     | Entered Level 10 of the Dungeon
 10366 | D:10     | XOM: divination: magic mapping
 10370 | D:10     | XOM: noise
 10528 | D:10     | XOM: blink monster(s)
 10533 | D:10     | XOM: divine lightning
 10534 | D:10     | XOM: cleaving
 10546 | D:10     | Reached XP level 12. HP: 85/85 MP: 0/0
 10565 | D:10     | Gained mutation: You have great hidden genetic potential.
                  | [hidden potential]
 10682 | D:10     | Found a basalt altar of Yredelemnul.
 10808 | D:11     | XOM: scenery: create altars
 10820 | D:11     | XOM: fog
 10842 | D:11     | XOM: potion effect (brilliance)
 10974 | D:11     | XOM: divination: detect creatures
 10976 | D:11     | XOM: 1-stop teleportation journey
 10977 | D:11     | Upgraded the game from 0.31-a0-983-g7b6862f502 to
                  | 0.31-a0-986-g5e6e4ef867
 10982 | D:11     | a manticore changed into a swamp dragon
 10982 | D:11     | Noticed a swamp dragon
 10982 | D:11     | XOM: polymorph manticore -> swamp dragon
 10987 | D:11     | XOM: enchant monster (good)
 10993 | D:11     | Killed a swamp dragon
 11029 | D:11     | Found a staircase to the Lair.
 11045 | D:11     | Noticed a two-headed ogre
 11048 | D:11     | XOM: cast spell 'Disjunction'
 11055 | D:11     | XOM: enchant monster (good)
 11057 | D:11     | XOM: cast spell 'Cause Fear'
 11086 | D:11     | Killed a two-headed ogre
 11141 | D:11     | XOM: summons 2 friendly demons
 11153 | D:11     | XOM: smoke on damage
 11311 | D:11     | Noticed a two-headed ogre
 11311 | D:11     | Noticed a two-headed ogre
 11312 | D:11     | Noticed a boulder beetle
 11312 | D:11     | Noticed a two-headed ogre
 11337 | D:11     | XOM: enchant monster (bad)
 11339 | D:11     | Killed a two-headed ogre
 11347 | D:11     | Killed a two-headed ogre
 11354 | D:11     | Killed a boulder beetle
 11358 | D:11     | Killed a two-headed ogre
 11385 | D:11     | XOM: scenery: summon butterflies
 11559 | D:11     | XOM: god gift: condenser vane
 11630 | Lair:1   | Entered Level 1 of the Lair of Beasts
 11634 | Lair:1   | XOM: fog
 11653 | Lair:1   | XOM: fog
 11661 | Lair:1   | XOM: scenery: create altars
 11736 | Lair:1   | XOM: summons friendly white imp
 11755 | Lair:1   | XOM: divination: detect items
 11769 | Lair:1   | You are sucked into a shaft and drop 1 floor!
 11780 | Lair:2   | XOM: fake destruction
 11789 | Lair:2   | XOM: scenery: summon butterflies
 11791 | Lair:2   | Reached skill level 1 in Evocations
 11797 | Lair:2   | an elephant changed into a glowing orange brain
 11797 | Lair:2   | Noticed a glowing orange brain
 11797 | Lair:2   | XOM: polymorph elephant -> glowing orange brain
 11804 | Lair:2   | Reached XP level 13. HP: 53/92 MP: 0/0
 11804 | Lair:2   | Learned a level 5 spell: Alistair's Intoxication
 11845 | Lair:2   | Gained mutation: You possess an exceptional clarity of
                  | mind. [hidden potential]
 11845 | Lair:2   | Lost mutation: You have great hidden genetic potential.
                  | [hidden potential expressed]
 11868 | Lair:2   | XOM: confuse monster(s)
 11947 | Lair:2   | Noticed an eight-headed hydra
 11964 | Lair:2   | Killed an eight-headed hydra
 12056 | Lair:2   | XOM: summons friendly iron imp
 12069 | Lair:2   | XOM: cast spell 'Dispersal'
 12102 | Lair:2   | HP: 2/93 [yak (6)]
 12178 | Lair:2   | Noticed Gastronok
 12199 | Lair:2   | Killed Gastronok
 12238 | Lair:2   | XOM: summons 4 hostile demons
 12240 | Lair:2   | XOM: noise
 12253 | Lair:2   | XOM: destruction
 12265 | Lair:2   | Noticed a seven-headed hydra
 12278 | Lair:2   | Killed a seven-headed hydra
 12333 | Lair:2   | Noticed a five-headed hydra
 12335 | Lair:2   | XOM: divination: detect creatures
 12338 | Lair:2   | XOM: divination: magic mapping
 12371 | Lair:2   | Killed a five-headed hydra
 12648 | Lair:2   | HP: 4/94 [komodo dragon (32)]
 12706 | Lair:2   | XOM: god gift: +1 great sword of chaos
 12788 | Lair:2   | XOM: fog
 12795 | Lair:2   | XOM: cast spell 'Call Canine Familiar'
 12801 | Lair:2   | XOM: scenery: summon butterflies
 12819 | Lair:2   | XOM: polymorph worm -> steam dragon
 12828 | Lair:2   | XOM: summons 5 friendly demons
 12847 | Lair:2   | Found a hole to the Spider Nest.
 12930 | Lair:2   | XOM: god gift: spear {god gift}
 13240 | Lair:2   | XOM: noise
 13475 | Lair:1   | XOM: silly message
 13551 | Lair:1   | Noticed Sonja
 13556 | Lair:1   | XOM: potion effect (brilliance)
 13565 | Lair:1   | Killed Sonja
 13572 | Lair:1   | XOM: silly message
 13581 | Lair:1   | XOM: divination: detect items
 13631 | Lair:1   | Reached XP level 14. HP: 95/101 MP: 0/0
 13648 | Lair:1   | Noticed Amaemon
 13658 | Lair:1   | XOM: potion effect (heal wounds)
 13660 | Lair:1   | XOM: potion effect (heal wounds)
 13677 | Lair:1   | Killed Amaemon
 13880 | Lair:1   | XOM: enchant monster (bad)
 14044 | Lair:1   | XOM: give mutations
 14044 | Lair:1   | Gained mutation: You are strong-willed. (Will+) [Xom's
                  | grace]
 14044 | Lair:1   | Gained mutation: You have a pair of large antennae on your
                  | head. (SInv) [Xom's grace]
 14401 | Lair:3   | XOM: potion effect (curing)
 14419 | Lair:3   | Found a staircase to the Shoals.
 14428 | Lair:3   | XOM: polymorph manticore -> fire crab
 14429 | Lair:3   | XOM: cast spell 'Summon Dragon'
 14450 | Lair:3   | Gained mutation: You are partially covered in iridescent
                  | scales. (AC +2) [hidden potential]
 14452 | Lair:3   | XOM: polymorph storm dragon -> formless jellyfish
 14560 | Lair:3   | XOM: noise
 15273 | Lair:4   | XOM: divination: detect creatures
 15293 | Lair:3   | Reached skill level 10 in Dodging
 15308 | Lair:4   | XOM: potion effect (berserk rage)
 15410 | Lair:4   | XOM: fog
 15418 | Lair:4   | XOM: polymorph dream sheep -> komodo dragon
 15422 | Lair:4   | XOM: summons 6 friendly demons
 15969 | Lair:4   | Reached skill level 10 in Long Blades
 16202 | Lair:4   | XOM: snakes to sticks
 16224 | Lair:4   | XOM: silly message
 16237 | Lair:4   | XOM: summons 1 hostile shadow creature
 16406 | Lair:5   | Entered Level 5 of the Lair of Beasts
 16413 | Lair:5   | Reached skill level 5 in Evocations
 16416 | Lair:5   | XOM: divination: detect items
 16420 | Lair:5   | XOM: potion effect (might)
 16429 | Lair:5   | XOM: potion effect (berserk rage)
 16434 | Lair:5   | XOM: divination: magic mapping
 16467 | Lair:5   | XOM: divination: magic mapping
 16472 | Lair:5   | XOM: silly message
 16487 | Lair:4   | XOM: potion effect (haste)
 16500 | Lair:5   | XOM: potion effect (heal wounds)
 16823 | Lair:5   | XOM: confuse monster(s)
 16836 | Lair:5   | Reached XP level 15. HP: 107/107 MP: 0/0
 16836 | Lair:5   | Learned a level 6 spell: Summon Cactus Giant
 16940 | Lair:5   | XOM: cleaving
 16999 | Lair:5   | XOM: enchant monster (bad)
 17001 | Lair:5   | XOM: polymorph blink frog -> sky beast
 17012 | Lair:5   | XOM: divination: magic mapping
 17014 | Lair:5   | Reached skill level 10 in Fighting
 17020 | Lair:5   | XOM: confuse monster(s)
 17047 | Lair:5   | XOM: cleaving
 17066 | Lair:5   | XOM: cast spell 'Alistair's Intoxication'
 17068 | Lair:5   | XOM: summons 1 hostile demon
 17070 | Lair:5   | XOM: summons 5 friendly demons
 17074 | Lair:5   | XOM: enchant monster (bad)
 17074 | Lair:5   | Gained mutation: Your spells are a little harder to cast,
                  | but a little more powerful. [hidden potential]
 17074 | Lair:5   | Lost mutation: You have hidden genetic potential. [hidden
                  | potential expressed]
 17088 | Lair:5   | XOM: cast spell 'Cause Fear'
 17115 | Lair:5   | XOM: noise
 17274 | Lair:5   | XOM: polymorph blink frog -> glowing shapeshifter
 17300 | Lair:5   | a radroach changed into a broodmother
 17300 | Lair:5   | Noticed a broodmother (glowing shapeshifter)
 17303 | Lair:5   | a broodmother changed into a boulder beetle
 17318 | Lair:5   | a dire elephant changed into a storm dragon
 17318 | Lair:5   | Noticed a storm dragon (glowing shapeshifter)
 17327 | Lair:5   | a storm dragon changed into a six-headed hydra
 17331 | Lair:5   | Found a one-way gate to the infinite horrors of the Abyss.
 17342 | Lair:5   | XOM: silly message
 17344 | Lair:5   | XOM: smoke on damage
 17513 | Lair:5   | XOM: swap monsters
 17565 | Lair:5   | HP: 5/107 [boulder beetle (28)]
 17600 | Lair:5   | XOM: enchant monster (bad)
 17612 | Lair:5   | XOM: divination: magic mapping
 17619 | Lair:5   | Reached skill level 10 in Spellcasting
 17619 | Lair:5   | Reached skill level 10 in Conjurations
 17619 | Lair:5   | Reached skill level 10 in Hexes
 17619 | Lair:5   | Reached skill level 10 in Summonings
 17619 | Lair:5   | Reached skill level 10 in Necromancy
 17619 | Lair:5   | Reached skill level 10 in Translocations
 17619 | Lair:5   | Reached skill level 10 in Transmutations
 17619 | Lair:5   | Reached skill level 10 in Fire Magic
 17619 | Lair:5   | Reached skill level 10 in Ice Magic
 17619 | Lair:5   | Reached skill level 10 in Air Magic
 17619 | Lair:5   | Reached skill level 10 in Earth Magic
 17619 | Lair:5   | Reached skill level 10 in Poison Magic
 17661 | Lair:5   | Identified the +9 scimitar "Tin Qit" {heavy, rF+ rN+ Str-4
                  | Int+7}
 17762 | Lair:5   | XOM: cloud trail
 17844 | Lair:5   | Found a staircase to the Slime Pits.
 17886 | Lair:5   | XOM: give mutations
 17886 | Lair:5   | Gained mutation: Your mind is very acute. (Int +8, Str/Dex
                  | -2) [Xom's grace]
 17886 | Lair:5   | Gained mutation: You are very agile. (Dex +8, Str/Int -2)
                  | [Xom's grace]
 17965 | Lair:5   | XOM: give mutations
 17965 | Lair:5   | Lost mutation: You have a pair of large antennae on your
                  | head. (SInv) [Xom's mischief]
 17965 | Lair:5   | Lost mutation: You heal very quickly. [Xom's mischief]
 17972 | Lair:5   | Found a corrupted altar of Lugonu.
 17977 | Lair:5   | XOM: smoke on damage
 18310 | D:12     | Reached skill level 10 in Armour
 18321 | D:12     | XOM: scenery: summon butterflies
 18399 | D:12     | Found a staircase to the Orcish Mines.
 18399 | D:12     | XOM: polymorph warg -> shapeshifter
 18663 | D:12     | XOM: 2-stop teleportation journey
 18782 | D:12     | XOM: scenery: summon butterflies
 18797 | D:12     | XOM: 2-stop teleportation journey
 19217 | Orc:1    | Entered Level 1 of the Orcish Mines
 19292 | Orc:1    | Reached skill level 1 in Shapeshifting
 19490 | Orc:1    | XOM: scenery: 2 doors open, 2 doors close
 19520 | Orc:1    | XOM: summons 3 hostile shadow creatures
 19606 | Orc:1    | XOM: 2-stop teleportation journey
 19761 | Orc:1    | XOM: summons friendly shadow imp
 19839 | Orc:2    | Entered Level 2 of the Orcish Mines
 19883 | Orc:2    | XOM: 1-stop teleportation journey
 19987 | Orc:2    | XOM: enchant monster (good)
 20057 | Orc:2    | Identified the ring "Jyjoc" {rPois Int+4}
 20065 | Orc:2    | XOM: summons friendly ufetubus
 20147 | Orc:2    | Noticed an orc warlord
 20157 | Orc:2    | Killed an orc warlord
 20158 | Orc:2    | Reached XP level 16. HP: 64/115 MP: 0/0
 20297 | Orc:2    | XOM: confuse monster(s)
 20358 | Orc:2    | Found a staircase to the Elven Halls.
 20402 | Orc:2    | XOM: silly message
 20509 | Orc:2    | XOM: cleaving
 20558 | Orc:2    | Found Gudaxacs's Distillery.
 20560 | Orc:2    | XOM: destruction
 20574 | Orc:2    | Bought a potion of haste for 130 gold pieces
 20605 | Orc:2    | Found Supopix's Magic Scroll Emporium.
 20625 | Orc:2    | Bought a scroll of enchant armour for 120 gold pieces
 20625 | Orc:2    | Bought a scroll of teleportation for 48 gold pieces
 20625 | Orc:2    | Bought a scroll of blinking for 120 gold pieces
 20959 | Orc:2    | Found Voshro's Jewellery Emporium.
 21039 | Orc:2    | Found Ymunla's Book Shoppe.
 21040 | Orc:2    | XOM: cast spell 'Discord'
 21207 | Orc:2    | XOM: divination: magic mapping
 21235 | Orc:2    | XOM: cloud trail
 21325 | Orc:2    | XOM: divination: magic mapping
 21521 | Spider:1 | Entered Level 1 of the Spider Nest
 21521 | Spider:1 | Identified the serpent talisman "Qinnim" {Dex+4}
 21521 | Spider:1 | Noticed Aizul
 21534 | Spider:1 | XOM: scenery: summon butterflies
 21543 | Spider:1 | Killed Aizul
 21543 | Spider:1 | XOM: polymorph jumping spider -> elephant
 21860 | Spider:1 | XOM: confuse monster(s)
 21913 | Spider:1 | XOM: fog
 21914 | Spider:1 | XOM: enchant monster (good)
 21923 | Spider:1 | XOM: enchant monster (bad)
 21924 | Spider:1 | XOM: noise
 21942 | Spider:1 | HP: 4/116 [demonic crawler (13)]
 21944 | Spider:1 | Slain by a demonic crawler

Illustrated notes

Levels and vault maps discovered:
D:1:      saegor_arrival_simple_c, layout_loops_ring, minmay_split_cup_small
D:2:      layout_loops_ring, serial_shops, shop
D:3:      layout_basic, serial_shops, shop
D:4:      layout_cave_pools, gup_sewer_entry_spiral, serial_shops,
          nicolae_shop_pleasant_corner_grove
D:5:      layout_loops_ring, uniq_eustachio
D:6:      layout_loops_corners, fedhas_altar_fruit_tree,
          minmay_temple_entry_slanted, minmay_misc_feat_diagonals
D:7:      layout_gridville
D:8:      layout_basic, uniq_maggie, uniq_prince_ribbit1, uniq_jeremiah
D:9:      minmay_the_grid_triangle_9x9_recursive_2_mashed
          [minmay_the_grid_triangle_9x9_prize_schism,
          minmay_the_grid_triangle_9x9_tough_junction,
          minmay_the_grid_triangle_9x9_windchime,
          minmay_the_grid_triangle_9x9_corrupted_corridor], layout_basic,
          nicolae_gozag_cash_rules_everything_around_me,
          gammafunk_temple_overflow_statue
D:10:     layout_gridville, mainiacjoe_overflow_brackets
D:11:     layout_small_grid, hellmonk_lair_entry_icy, st_stairs_1
D:12:     layout_cave_pods, erik_orc_4, minmay_misc_feat_cross
Lair:1:   layout_layer_cave, minivault_24, uniq_amaemon, uniq_sonja
Lair:2:   layout_hall_layers, nicolae_spider_entry_non_spiders, worms_lemuel,
          lemuel_fruit_tree, grunt_megastairs_4, uniq_gastronok
Lair:3:   layout_regular_city, minmay_shoals_entry_beasts, grunt_megastairs_1,
          infiniplex_staircase_pool
Lair:4:   layout_cave_pods
Lair:5:   hellmonk_lair_end_abyssal_woods, layout_long_grid,
          dpeg_slime_entry_enclosed
Spider:1: layout_cave_pods, drop_trap, nicolae_spider_shape, uniq_aizul
Orc:1:    dreamdust_under_siege, layout_caves, guppyfry_library_mini
Orc:2:    pubby_orc_utopia

Skill      XL: |  1  2  3  4  5  6  7  8  9 10 11 12 13 14 15 16 |
---------------+-------------------------------------------------+-----
Long Blades    | 3 4 5 6 7 9 10 11 | 11.5
Spellcasting   | 1 2 3 4 5 6 7 8 9 10 11 | 11.0
Conjurations   | 1 2 3 4 5 6 7 8 9 10 11 | 11.0
Hexes          | 1 2 3 4 5 6 7 8 9 10 11 | 11.0
Summonings     | 1 2 3 4 5 6 7 8 9 10 11 | 11.0
Necromancy     | 1 2 3 4 5 6 7 8 9 10 11 | 11.0
Translocations | 1 2 3 4 5 6 7 8 9 10 11 | 11.0
Transmutations | 1 2 3 4 5 6 7 8 9 10 11 | 11.0
Fire Magic     | 1 2 3 4 5 6 7 8 9 10 11 | 11.0
Ice Magic      | 1 2 3 4 5 6 7 8 9 10 11 | 11.0
Air Magic      | 1 2 3 4 5 6 7 8 9 10 11 | 11.0
Earth Magic    | 1 2 3 4 5 6 7 8 9 10 11 | 11.0
Poison Magic   | 1 2 3 4 5 6 7 8 9 10 11 | 11.0
Armour         | 2 3 4 5 6 7 8 9 10 | 10.8
Dodging        | 3 4 5 6 7 8 9 10 11 | 11.9
Fighting       | 4 5 6 7 8 9 10 11 | 11.2
Short Blades   | 1 3 5 7 8 |  8.3
Evocations     | 1 3 5 |  5.7
Shapeshifting  | 2 4 |  4.4

Action                     |  1- 3 |  4- 6 |  7- 9 | 10-12 | 13-15 | 16-18 || total
---------------------------+-------+-------+-------+-------+-------+-------++-------
  Melee: Falchion          |    79 |   187 |   138 |       |       |       ||   404
         Punch             |     2 |     1 |     6 |    10 |    31 |     2 ||    52
         Rapier            |       |       |   204 |   754 |  1403 |       ||  2361
         Bite              |       |       |       |    19 |       |       ||    19
         Scimitar          |       |       |       |       |   360 |   321 ||   681
   Cast: Wereblood         |       |       |     1 |     3 |     4 |    15 ||    23
         Vampiric Draining |       |       |     1 |     1 |       |       ||     2
         Momentum Strike   |       |       |       |     2 |       |       ||     2
         Summon Cactus Gia |       |       |       |       |     4 |     1 ||     5
         Alistair's Intoxi |       |       |       |       |     2 |       ||     2
  Evoke: Wand              |       |       |       |     8 |     2 |       ||    10
         Condenser vane    |       |       |       |       |     1 |       ||     1
    Use: Scroll            |       |     4 |     5 |     6 |     8 |       ||    23
         Potion            |       |     1 |       |     7 |     1 |     1 ||    10
   Stab: Petrified         |     6 |       |       |     5 |     2 |       ||    13
         Confused          |     1 |     1 |       |     2 |    20 |     7 ||    31
         Sleeping          |       |     2 |       |       |     2 |       ||     4
         Paralysed         |       |       |     5 |     3 |     2 |     1 ||    11
         Petrifying        |       |       |       |     1 |     3 |       ||     4
         Distracted        |       |       |       |       |     3 |       ||     3
 Armour: Leather armour    |    41 |    92 |   256 |    14 |       |       ||   403
         Acid dragon scale |       |       |       |   527 |  1351 |   321 ||  2199
         Skin              |       |       |       |    77 |       |       ||    77
  Dodge: Dodged            |    34 |   104 |   288 |   559 |  1801 |   525 ||  3311

Table legend: (Time is in decaauts)
 A = Elapsed time spent in this place.
 B = Non-inter-level travel time spent in this place.
 C = Inter-level travel time spent in this place.
 D = Time resting spent in this place.
 E = Time spent auto-exploring this place.
 F = Levels seen in this place.
 G = Mean time per level.
                   A        B        C        D        E       F      G
               +--------+--------+--------+--------+--------+-----+--------+
         Total |  21513 |  20605 |    908 |   2584 |  12478 |  21 | 1024.4 |
       Dungeon |  11962 |  11503 |    459 |   2401 |   6672 |  12 |  996.8 |
          Lair |   6232 |   5870 |    362 |    128 |   3937 |   5 | 1246.4 |
   Spider Nest |    446 |    446 |      0 |     11 |    251 |   1 |  446.0 |
  Orcish Mines |   2241 |   2156 |     85 |     44 |   1260 |   2 | 1120.5 |
         Sewer |    629 |    629 |      0 |      0 |    357 |   1 |  629.0 |
               +--------+--------+--------+--------+--------+-----+--------+

Top non-repeatable levels by time:
     D:1: 2806 daAuts
   Orc:2: 1560 daAuts
  Lair:5: 1531 daAuts
  Lair:2: 1511 daAuts
  Lair:1: 1219 daAuts
     D:9: 1218 daAuts
  Lair:4: 1079 daAuts
     D:6: 1022 daAuts
    D:12: 1013 daAuts
     D:3: 918 daAuts
  Lair:3: 890 daAuts
     D:7: 823 daAuts
    D:11: 813 daAuts
     D:4: 786 daAuts
     D:2: 754 daAuts
